 Dungeon Crawl Stone Soup version 0.24-a0-285-g3c078ff (webtiles) character file.

Game seed: 14515688188365971076

1011 galech the Chopper (level 8, -3/61 HPs)
             Began as a Demonspawn Fighter on May 7, 2019.
             Slain by a sky beast (6 damage)
             ... on level 6 of the Dungeon.
             The game lasted 00:04:02 (4319 turns).

galech the Chopper (Demonspawn Fighter)             Turns: 4319, Time: 00:04:02

Health: -3/61      AC: 12    Str: 21    XL:     8   Next: 1%
Magic:  0/8        EV:  6    Int: 10    God:
Gold:   228        SH: 10    Dex: 20    Spells: 7/7 levels left

rFire    . . .     SeeInvis .   a - +0 war axe
rCold    . . .     Gourm    .   c - +0 shield
rNeg     . . .     Faith    .   l - +0 chain mail
rPois    .         Spirit   +   (helmet restricted)
rElec    .         Reflect  .   (no cloak)
rCorr    .         Harm     .   (no gloves)
MR       .....                  (no boots)
Stlth    ..........             (no amulet)
HPRegen  0.20/turn              k - +5 ring of dexterity
MPRegen  0.11/turn              (no ring)

@: mighty
A: antennae 2, slimy green scales 2, magic shield
a: no special abilities


You were on level 6 of the Dungeon.
You were not hungry.

You visited 1 branch of the dungeon, and saw 6 of its levels.

You collected 228 gold pieces.

Inventory:

Hand Weapons
 a - a +0 war axe (weapon)
Armour
 b - a +0 scale mail
 c - a +0 shield (worn)
 l - a +0 chain mail (worn)
Jewellery
 k - a +5 ring of dexterity (left hand)
 w - a cursed ring of teleportation {unknown}
Wands
 r - a wand of acid (9)
 t - a wand of polymorph (8)
Scrolls
 e - a scroll of fog {unknown}
 h - 4 scrolls of remove curse {unknown}
 j - 4 scrolls of identify {unknown}
 v - a scroll of magic mapping {unknown}
 y - a scroll of fear {unknown}
Potions
 d - a potion of might
 g - 3 potions of curing {unknown}
 i - a potion of cancellation {unknown}
 m - a potion of lignification {unknown}
 n - 2 potions of flight {unknown}
 o - a potion of brilliance {unknown}
 p - a potion of resistance {unknown}
 q - 2 potions of agility {unknown}
 s - a potion of heal wounds {unknown}
 u - a potion of mutation {unknown}
Comestibles
 f - 14 rations
 x - 5 chunks of flesh


   Skills:
 + Level 4.7 Fighting
 + Level 6.0 Axes
 + Level 4.2 Armour
 + Level 0.6 Dodging
 + Level 4.6 Shields


You had 7 spell levels left.
You didn't know any spells.
Your spell library contained the following spells:

 Spells                   Type           Power        Failure   Level  Hunger
 Sandblast                Erth           #.....       100%        1    ##.....
 Passwall                 Tmut/Erth      #.......     100%        2    ###....
 Stone Arrow              Conj/Erth      #.....       100%        3    ####...
 Petrify                  Tmut/Erth      #.......     100%        4    #####..
 Lee's Rapid Deconstruct  Erth           #.........   100%        5    ######.


Dungeon Overview and Level Annotations

Branches:
Dungeon (6/15)
 Temple: D:4-7

Altars:
Sif Muna

Annotations:
D:4 2 transporters, Gorice's ghost, novice HuCj


Innate Abilities, Weirdness & Mutations

You have a pair of antennae on your head.
You are mostly covered in slimy green scales. (AC +3)
When hurt, damage is shared between your health and your magic reserves.


Message History

The sky beast is heavily wounded.
The sky beast hits you. The sky beast shocks you.
* * * LOW HITPOINT WARNING * * *
Your shield and chain mail prevent you from hitting the sky beast.
The sky beast is heavily wounded.
The sky beast hits you.
* * * LOW HITPOINT WARNING * * *
The sky beast shocks you.
* * * LOW HITPOINT WARNING * * *
You block the sky beast's attack.
You hit the sky beast.
The sky beast is severely wounded.
The sky beast flickers out of sight!
Deactivating autopickup; reactivate with Ctrl-A.
Something hits you.
* * * LOW HITPOINT WARNING * * *
Something shocks you.
* * * LOW HITPOINT WARNING * * *
You miss something. Something hits you. Something shocks you.
You die...

#...#......######
###..#####..## # #.##
##..#### ##(# ###....
#######).## #####
#[........########
..###...##..##<..##
##..####.#####..###.##
.....r{@.# #### ##.###
...####### #.... ##...
#... ##... ##.###
##.## #.## ###


You could see a quokka.

Vanquished Creatures
  Menkaure (D:4)
  A phantom (D:5)
  An ogre (D:5)
  A centaur (D:5)
  2 howler monkeys
  2 hounds (D:4)
  An orc wizard (D:5)
  A bullfrog skeleton (D:5)
  4 orc priests
  Ijyb (D:4)
  An iguana (D:4)
  2 worker ants
  2 hound skeletons (D:4)
  4 gnolls (D:6)
  8 adders
  A worm (D:3)
  2 dart slugs
  3 leopard geckos
  10 orcs
  2 ball pythons
  4 giant cockroaches
  8 goblins
  6 hobgoblins
  2 jackals (D:2)
  A quokka (D:6)
  9 bats
  5 frilled lizards
  A jackal skeleton (D:4)
  6 kobolds
  4 rats
96 creatures vanquished.

Notes
Turn   | Place    | Note
-------+----------+-------------------------------------------
     0 | D:1      | galech the Demonspawn Fighter began the quest for the Orb.
     0 | D:1      | Reached XP level 1. HP: 18/18 MP: 1/1
   268 | D:1      | Gained mutation: You are partially covered in slimy green
                  | scales. (AC +2) [demonic ancestry]
   268 | D:1      | Reached XP level 2. HP: 23/24 MP: 2/2
   473 | D:1      | Reached skill level 2 in Axes
   827 | D:2      | Reached XP level 3. HP: 14/29 MP: 3/3
  1414 | D:2      | Reached XP level 4. HP: 30/35 MP: 4/4
  2414 | D:4      | Reached skill level 3 in Axes
  2414 | D:4      | Gained mutation: You have a pair of small antennae on your
                  | head. [demonic ancestry]
  2414 | D:4      | Reached XP level 5. HP: 42/42 MP: 5/5
  2415 | D:4      | Found a transporter.
  2457 | D:4      | Noticed Menkaure
  2463 | D:4      | Killed Menkaure
  2463 | D:4      | Reached skill level 4 in Axes
  2463 | D:4      | Gained mutation: You have a pair of antennae on your head.
                  | [demonic ancestry]
  2463 | D:4      | Reached XP level 6. HP: 37/48 MP: 6/6
  3003 | D:4      | Noticed Ijyb
  3006 | D:4      | Noticed Gorice's ghost (novice HuCj)
  3009 | D:4      | Killed Ijyb
  3060 | D:4      | Found a transporter.
  3105 | D:4      | Found a deep blue altar of Sif Muna.
  3175 | D:5      | Entered Level 5 of the Dungeon
  3190 | D:4      | Gained mutation: When hurt, damage is shared between your
                  | health and your magic reserves. [demonic ancestry]
  3190 | D:4      | Reached XP level 7. HP: 53/54 MP: 7/7
  3462 | D:5      | Reached skill level 5 in Axes
  4175 | D:6      | Reached skill level 6 in Axes
  4175 | D:6      | Gained mutation: You are mostly covered in slimy green
                  | scales. (AC +3) [demonic ancestry]
  4175 | D:6      | Reached XP level 8. HP: 49/61 MP: 8/8
  4318 | D:6      | HP: 3/61 [something (6)]
  4319 | D:6      | Slain by a sky beast

Levels and vault maps discovered:
D:1:      dpeg_arrival_court, layout_basic
D:2:      layout_basic
D:3:      layout_basic
D:4:      layout_rooms, first_ration, gammafunk_ghost_smash, led_sif_book,
          uniq_menkaure, uniq_ijyb
D:5:      layout_basic, bh_chokoban
D:6:      layout_layer_cave, minmay_temple_entry_antechambers

Skill      XL: |  1  2  3  4  5  6  7 |
---------------+----------------------+-----
Shields        | 3 4 |  4.6
Axes           | 2 3 4 6 |  6.0
Armour         | 3 4 |  4.2
Fighting       | 4 |  4.7
Dodging        | |  0.6

Action                   |  1- 3 |  4- 6 |  7- 9 || total
-------------------------+-------+-------+-------++-------
Melee: War axe           |   150 |   138 |   138 ||   426
  Use: Potion            |       |     1 |     1 ||     2
  Eat: Chunk             |     2 |     5 |     5 ||    12
Armor: Scale mail        |    78 |       |       ||    78
       Chain mail        |     6 |   103 |    81 ||   190
Dodge: Dodged            |    42 |    22 |    40 ||   104
Block: Shield            |    93 |    86 |    55 ||   234

Table legend:
 A = Non-vault XP
 B = Vault XP
 C = Vault XP percentage of total XP
 D = Non-vault monster count
 E = Vault monster count
 F = Vault count percentage of total count
                 A         B        C        D         E       F
            +---------+---------+-------+---------+---------+-------
      Total |    1237 |     208 |  14.4 |      94 |       2 |   2.1
            +---------+---------+-------+---------+---------+-------
        D:1 |      37 |       0 |   0.0 |      21 |       0 |   0.0
        D:2 |      85 |       0 |   0.0 |      22 |       0 |   0.0
        D:3 |      47 |       0 |   0.0 |      11 |       0 |   0.0
        D:4 |     359 |     208 |  36.7 |      18 |       2 |  10.0
        D:5 |     650 |       0 |   0.0 |      17 |       0 |   0.0
        D:6 |      59 |       0 |   0.0 |       5 |       0 |   0.0
            +---------+---------+-------+---------+---------+-------
